 Dungeon Crawl Stone Soup version 0.21-a0-504-g2eda330 (webtiles) character file.

2899 kae the Grappler (level 9, -1/89 HPs)
             Began as a Troll Monk on Nov 26, 2017.
             Was a Priest of Wu Jian.
             Slain by a gnoll
             ... wielding a cursed +0 spear
              (4 damage)
             ... on level 8 of the Dungeon.
             The game lasted 00:08:31 (5549 turns).

kae the Grappler (Troll Monk)                       Turns: 5549, Time: 00:08:32

Health: -1/89      AC: 13    Str: 21    XL:     9   Next: 49%
Magic:  8/8        EV:  8    Int:  6    God:    Wu Jian [***...]
Gold:   376        SH:  4    Dex: 15    Spells: 8/8 levels left

rFire    . . .     SeeInvis .     - Unarmed
rCold    . . .     Gourm    +   (no shield)
rNeg     . . .     Faith    .   y - +0 storm dragon scales
rPois    .         Spirit   .   (helmet restricted)
rElec    +         Reflect  +   (no cloak)
rCorr    .         Harm     .   (gloves unavailable)
MR       .....                  (boots unavailable)
Stlth    ..........             k - +4 amulet of reflection
HPRegen  0.64/turn              (no ring)
MPRegen  0.11/turn              (no ring)

@: very slightly contaminated, slowed, very slow
A: large, unfitting armour, claws 3, fast metabolism 3, gourmand, regeneration
1, shaggy fur 1, tough skin 2
a: Serpent's Lash, Renounce Religion


You were on level 8 of the Dungeon.
You worshipped Wu Jian.
Wu Jian was most pleased with you.
You were very full.

You visited 1 branch of the dungeon, and saw 8 of its levels.

You collected 441 gold pieces.
You spent 65 gold pieces at shops.

Inventory:

Armour
 y - +0 storm dragon scales (worn)
Jewellery
 k - a +4 amulet of reflection (around neck)
Wands
 e - a wand of iceblast (4)
 q - a wand of random effects (32)
 u - a wand of flame (27)
 v - a wand of digging (8)
Scrolls
 c - 2 scrolls of remove curse
 l - a scroll of noise
 n - 6 scrolls of identify
 r - a scroll of blinking
 s - a scroll of enchant armour
 t - a scroll of amnesia
 x - a scroll of magic mapping
Potions
 i - a potion of haste
 j - a potion of mutation
 m - a potion of lignification
 o - a potion of magic
 p - a potion of curing
 z - a potion of flight
Books
 w - a book of Debilitation

   Spells                             Type                      Level
   a - Corona                         Hexes                        1
   b - Slow                           Hexes                        2
   c - Inner Flame                    Hexes/Fire                   3
   d - Portal Projectile              Hexes/Translocation          3
   e - Cause Fear                     Hexes                        4
   f - Leda's Liquefaction            Hexes/Earth                  4
Comestibles
 b - 7 bread rations
 d - 2 royal jellies
 f - 5 fruits
 g - 2 meat rations


   Skills:
 + Level 6.0 Fighting
 + Level 0.9 Armour
 + Level 6.0 Dodging
 - Level 1.0 Stealth
 * Level 9.8 Unarmed Combat


You had 8 spell levels left.
You didn't know any spells.

Dungeon Overview and Level Annotations

Branches:
Dungeon (8/15)             Temple (0/1) D:6
   Lair: D:8-11

Altars:
Cheibriados
Fedhas
Ru
Trog
Wu Jian
Yredelemnul
The Shining One

Shops:
D:7 (**(:   D:8 :

Annotations:
D:8 Erica


Innate Abilities, Weirdness & Mutations

You are too large for most types of armour.
You have claws for hands.
Your metabolism is lightning-fast.
You like to eat raw meat.
Your natural rate of healing is unusually fast.
You are covered in fur. (AC +1)
You have very tough skin. (AC +2)


Message History

* * * LOW HITPOINT WARNING * * *
The wyvern closely misses you.
A gnoll comes into view. It is wielding a club.
The gnoll shouts!
The wyvern bites you.
* * * LOW HITPOINT WARNING * * *
You hear some strange, mumbled words.
You feel as though you will be slow longer.
The wyvern bites you.
* * * LOW HITPOINT WARNING * * *
A gnoll comes into view. It is wielding a spear.
Okay, then.
Blink to where?
Press: ? - help, Dir - move target cursor
As you read the scroll of blinking, it crumbles to dust. 2 gnolls come into view.
The gnoll shouts! x2; You hear a howl!
The gnoll picks up 15 stones.
The gnoll hits you from afar with a spear.
You die...

# .. ###. #####
.h.
.####...#######
..
...g.gg@.......
.
...g...........
###
.####...#######
..# #)..#### #
#......# #
#.)....# #
####l..+ #ยง@.#
#...########


You could see Erica, a wyvern and 4 gnolls.

Vanquished Creatures
  A cyclops (D:5)
  Menkaure (D:6)
  2 orc warriors (D:6)
  2 ice beasts
  3 sky beasts
  2 eyes of draining (D:3)
  4 ogres
  A phantom (D:5)
  A big kobold (D:7)
  A bullfrog (D:6)
  A scorpion (D:5)
  3 howler monkeys (D:7)
  2 bullfrog zombies (D:5)
  A hound (D:4)
  4 orc priests
  2 jellies
  2 bullfrog skeletons
  An iguana (D:4)
  5 worker ants
  3 orc wizards
  A killer bee zombie (D:7)
  4 gnolls
  10 adders
  A shadow imp (D:3)
  2 oozes (D:1)
  2 worms
  A dart slug (D:1)
  5 leopard geckos
  29 orcs
  6 bats
  6 giant cockroaches
  6 hobgoblins
  4 jackals
  2 quokkas
  3 ball pythons
  6 frilled lizards
  9 goblins
  12 kobolds
  6 rats
157 creatures vanquished.

Vanquished Creatures (others)
  A kobold (D:7)
1 creature vanquished.

Grand Total: 158 creatures vanquished

Notes
Turn   | Place    | Note
-------+----------+-------------------------------------------
     0 | D:1      | kae the Troll Monk began the quest for the Orb.
     0 | D:1      | Reached XP level 1. HP: 22/22 MP: 0/0
   168 | D:1      | Reached XP level 2. HP: 29/29 MP: 1/1
   460 | D:1      | Reached XP level 3. HP: 36/36 MP: 2/2
   900 | D:2      | Reached skill level 4 in Unarmed Combat
   969 | D:2      | Found a basalt altar of Yredelemnul.
   973 | D:2      | Reached XP level 4. HP: 44/44 MP: 3/3
  1395 | D:3      | Found a glowing golden altar of the Shining One.
  1569 | D:3      | Reached XP level 5. HP: 53/53 MP: 4/4
  1630 | D:3      | Found a bloodstained altar of Trog.
  1630 | D:3      | Noticed an eye of draining
  1631 | D:3      | Noticed an eye of draining
  1662 | D:3      | Killed an eye of draining
  1662 | D:3      | Reached skill level 5 in Unarmed Combat
  1671 | D:3      | Killed an eye of draining
  1671 | D:3      | Reached XP level 6. HP: 61/61 MP: 0/5
  1811 | D:3      | Found a transporter.
  1815 | D:3      | Found a transporter.
  1876 | D:3      | Found a blossoming altar of Fedhas.
  2803 | D:4      | Reached skill level 6 in Unarmed Combat
  2810 | D:4      | Reached XP level 7. HP: 50/68 MP: 6/6
  2850 | D:4      | Found a snail-covered altar of Cheibriados.
  2874 | D:4      | Found an ornate altar of the Wu Jian Council.
  3252 | D:5      | Entered Level 5 of the Dungeon
  3312 | D:4      | Became a worshipper of the Wu Jian Council
  3312 | D:4      | Reached * piety under Wu Jian
  3312 | D:4      | Reached ** piety under Wu Jian
  3524 | D:5      | Reached skill level 7 in Unarmed Combat
  3586 | D:5      | Reached XP level 8. HP: 79/79 MP: 7/7
  3875 | D:6      | Noticed a cyclops
  3903 | D:5      | Killed a cyclops
  3903 | D:5      | Reached skill level 5 in Fighting
  3903 | D:5      | Reached skill level 5 in Dodging
  3903 | D:5      | Reached skill level 8 in Unarmed Combat
  4222 | D:6      | Found a sacrificial altar of Ru.
  4265 | D:6      | Found a staircase to the Ecumenical Temple.
  4284 | D:6      | Noticed Menkaure
  4288 | D:6      | Killed Menkaure
  4302 | D:6      | Reached XP level 9. HP: 87/88 MP: 8/8
  4333 | D:6      | Reached skill level 9 in Unarmed Combat
  4826 | D:7      | Reached *** piety under Wu Jian
  4904 | D:7      | Found Tootasis's General Store.
  4910 | D:7      | Bought a scroll of identify for 22 gold pieces
  4991 | D:7      | Found Gaezxom's Antique Weapon Emporium.
  5057 | D:7      | Found Fetabb's Assorted Antiques.
  5067 | D:7      | Bought a scroll labeled ISCHOT MIEKUMP for 23 gold pieces
  5067 | D:7      | Bought a viscous amethyst potion for 20 gold pieces
  5118 | D:7      | Found Uwaezoit's Antique Weapon Emporium.
  5245 | D:7      | Found Vuny's Book Shoppe.
  5514 | D:8      | Found Sigedeff's Book Shop.
  5514 | D:8      | Noticed Erica
  5548 | D:8      | HP: 2/89 [wyvern (6)]
  5549 | D:8      | Slain by a gnoll

Vault maps used:
D:1:      onia_arrival_mini_spirals
D:2:      first_bread, st_stairs_9, yredelemnul_altar_generic
D:3:      gammafunk_temple_overflow_arena, trog_eyes_of_draining,
          serial_corexii_hall, corexii_hall_statues_t, corexii_hall_statues_t,
          corexii_hall_statues_t, nicolae_tso_swordbearing_angel
D:4:      cheibrodos_old_hovel, lemuel_crystal_altar, cheibriados_altar_1,
          minivault_11
D:6:      lemuel_crystal_altar, minmay_temple_entry_glassed_door, uniq_menkaure
D:7:      serial_shops, nicolae_shop_behind_doors, shop, nicolae_shop_stone,
          shop, nicolae_shop_trees
D:8:      lemuel_doored_altar, serial_shops, shop, uniq_erica

Skill      XL: |  1  2  3  4  5  6  7  8  9 |
---------------+----------------------------+-----
Unarmed Combat | 4 5 6 7 8 9 |  9.8
Dodging        | 3 4 5 6 |  6.0
Fighting       | 3 4 5 6 |  6.0
Armour         | |  0.9
Stealth        | |  1.0

Action                   |  1- 3 |  4- 6 |  7- 9 || total
-------------------------+-------+-------+-------++-------
Melee: Unarmed           |    96 |   142 |   227 ||   465
       Punch             |     1 |     3 |     9 ||    13
  Use: Scroll            |       |    10 |    11 ||    21
       Potion            |       |       |     2 ||     2
 Stab: Sleeping          |     2 |     6 |     2 ||    10
       Distracted        |       |       |     2 ||     2
  Eat: Chunk             |    14 |    16 |    25 ||    55
Armor: Robe              |    38 |    21 |    25 ||    84
       Storm dragon scal |       |       |    19 ||    19
Dodge: Dodged            |    49 |    46 |    84 ||   179
Block: Other             |       |    10 |    31 ||    41
       Reflection        |       |       |     3 ||     3

Table legend:
 A = Spawn XP
 B = Non-spawn XP
 C = Spawn XP percentage of total XP
 D = Spawn monster count
 E = Non-spawn monster count
 F = Spawn count percentage of total count
 G = Total turns spent on level
                    A         B        C        D         E        F      G
               +---------+---------+-------+---------+---------+-------+---------
         Total |       0 |    4142 |   0.0 |       0 |     158 |   0.0 |  5549
               +---------+---------+-------+---------+---------+-------+---------
           D:1 |       0 |      43 |   0.0 |       0 |      21 |   0.0 |   772
           D:2 |       0 |      68 |   0.0 |       0 |      16 |   0.0 |   515
           D:3 |       0 |     461 |   0.0 |       0 |      40 |   0.0 |  1181
           D:4 |       0 |     351 |   0.0 |       0 |      13 |   0.0 |   833
           D:5 |       0 |    1275 |   0.0 |       0 |      12 |   0.0 |   661
           D:6 |       0 |    1111 |   0.0 |       0 |      33 |   0.0 |   847
           D:7 |       0 |     697 |   0.0 |       0 |      22 |   0.0 |   702
           D:8 |       0 |     136 |   0.0 |       0 |       1 |   0.0 |    38
               +---------+---------+-------+---------+---------+-------+---------
